 Dungeon Crawl Stone Soup version 0.26.1-11-gd32895ea62 (webtiles) character file.

Game seed: 12537420884832472811

14154 MisterFreud the Grappler (level 11, -1/100 HPs)
             Began as a Troll Monk on June 30, 2021.
             Slain by a vampire (9 damage)
             ... on level 11 of the Dungeon.
             The game lasted 00:17:43 (9165 turns).

MisterFreud the Grappler (Troll Monk)               Turns: 9165, Time: 00:17:43

Health: -1/100     AC: 14    Str: 21    XL:     11   Next: 85%
Magic:  10/10      EV: 11    Int:  6    God:
Gold:   384        SH:  5    Dex: 15    Spells: 10/10 levels left

rFire    . . .     SeeInvis .     - Unarmed
rCold    + . .     Faith    .   (no shield)
rNeg     . . .     Spirit   .   H - +0 swamp dragon scales
rPois    +         Reflect  +   (helmet restricted)
rElec    .         Harm     +   q - scarf {harm}
rCorr    .         Rampage  .   (gloves unavailable)
Will     .....                  (boots unavailable)
Stlth    +.........             E - amulet of reflection
HPRegen  0.66/turn              g - ring of poison resistance
MPRegen  0.12/turn              n - ring of protection from cold

@: no status effects
A: large, unfitting armour, claws 3, regeneration 1, shaggy fur 1, tough skin 3
a: no special abilities


You were on level 11 of the Dungeon.
You visited 2 branches of the dungeon, and saw 12 of its levels.
You also visited: Ossuary and Bailey.

You collected 535 gold pieces.
You spent 151 gold pieces at shops.

Inventory:

Missiles
 x - 85 boomerangs (quivered)
 I - 13 javelins
Armour
 a - a +0 robe
 q - a scarf of harm (worn)
 B - +0 acid dragon scales
 H - +0 swamp dragon scales (worn)
Jewellery
 g - a ring of poison resistance (left claw)
 h - an uncursed amulet of regeneration
 n - a ring of protection from cold (right claw)
 t - an uncursed amulet of magic regeneration
 E - an amulet of reflection (around neck)
Wands
 y - a wand of paralysis (9)
 D - a wand of flame (60)
 G - a wand of iceblast (11)
 J - a wand of disintegration (15)
Scrolls
 e - 8 scrolls of remove curse
 f - 2 scrolls of amnesia
 j - 4 scrolls of teleportation
 l - a scroll of enchant weapon
 r - 6 scrolls of identify
 s - 3 scrolls of blinking
 u - a scroll of silence {unknown}
 w - 2 scrolls of fear {unknown}
 z - 3 scrolls of enchant armour {unknown}
 A - 2 scrolls of fog
 F - 2 scrolls of noise {unknown}
 N - a scroll of acquirement {unknown}
 O - a scroll of immolation {unknown}
 Q - a scroll of summoning
Potions
 b - 5 potions of mutation
 c - 4 potions of brilliance
 d - 6 potions of lignification
 i - a potion of invisibility
 k - 3 potions of heal wounds
 m - 7 potions of curing
 o - 2 potions of haste
 p - 2 potions of flight
 v - a potion of resistance
 C - 2 potions of berserk rage
 K - 4 potions of attraction
 L - 4 potions of magic
 M - a potion of might
 P - a potion of cancellation


   Skills:
 - Level 4.0 Fighting
 - Level 8.0 Throwing
 + Level 9.7 Armour
 - Level 4.0 Dodging
 - Level 1.0 Stealth
 - Level 12.0 Unarmed Combat


You had 10 spell levels left.
You didn't know any spells.
Your spell library contained the following spells:

 Spells                   Type           Power        Failure   Level
 Beastly Appendage        Tmut           0%           58%         1
 Corona                   Hex            0%           58%         1
 Freeze                   Ice            0%           58%         1
 Slow                     Hex            0%           75%         2
 Wereblood                Tmut           0%           75%         2
 Frozen Ramparts          Ice            0%           92%         3
 Inner Flame              Hex/Fire       0%           92%         3
 Ozocubu's Armour         Ice            0%           92%         3
 Portal Projectile        Hex/Tloc       0%           92%         3
 Spider Form              Tmut/Pois      0%           92%         3
 Cause Fear               Hex            0%           100%        4
 Hailstorm                Conj/Ice       0%           100%        4
 Ice Form                 Ice/Tmut       0%           100%        4
 Leda's Liquefaction      Hex/Erth       0%           100%        4
 Summon Ice Beast         Ice/Summ       0%           100%        4
 Blade Hands              Tmut           0%           100%        5


Dungeon Overview and Level Annotations

Branches:
Dungeon (11/15)            Temple (1/1) D:5            Lair (0/6) D:8
    Orc (0/2) D:9         Ossuary (visited)          Bailey (visited)

Altars:
Ashenzari
Elyvilon
Fedhas
Gozag
Qazlal
Sif Muna
Trog
Vehumet
Xom
Yredelemnul

Shops:
D:6 ![   D:9 *

Annotations:
D:6 1 runed translucent door


Innate Abilities, Weirdness & Mutations

You are too large for most types of armour.
You have claws for hands.
Your natural rate of healing is unusually fast.
You are covered in fur. (AC +1)
You have extremely tough skin. (AC +3)


Message History

You scratch the vampire but do no damage.
The vampire is moderately damaged.
You scratch the vampire.
The vampire is moderately damaged.
The vampire hits you but does no damage.
You block the vampire's attack.
You scratch the vampire but do no damage.
Your claw misses the vampire.
The vampire is moderately damaged.
The vampire points at you and mumbles some strange words.
You resist with some effort.
You claw the vampire!
The vampire is heavily damaged.
The vampire hits you!
* * * LOW HITPOINT WARNING * * *
The vampire closely misses you.
You barely miss the vampire.
The vampire is heavily damaged.
The vampire misses you. The vampire bites you!
You die... #♣.♣.♣#.####..## #.♣.♣.#.#...)..# ##♣.♣##.#..))).## ♣♣)♣♣#.'.......# l #♣.).♣###.....#.# #. #.....# #.......# #.T #.....# #...##..## O.T

#.....# #...##...#
.. #@♣♣♣.# #...#
#..# #.♣♣♣V♣.♣#
#...# #..#
♣...♣♣♣.# #...#
#)†# #W♣♣♣.♣.♣#
#...####.# ..
#.♣♣♣.###...#..(..
...
#.....#.........).
#..
#.....#.#####...#.
#.
#.....#.........+†
.
#♣...♣##........#.


You could see a vampire.

Vanquished Creatures
  A yaktaur captain (D:11)
  3 two-headed ogres
  Erica (D:9)
  A deep troll earth mage (D:11)
  A deep elf mage (D:10)
  2 ugly things (D:11)
  Maggie (D:7)
  A komodo dragon (D:8)
  2 trolls (D:11)
  Grinder (D:5)
  Sigmund (D:3)
  A wraith (D:11)
  Grum (D:10)
  A steam dragon (D:7)
  2 water moccasins
  5 ice beasts
  8 orc warriors
  4 sky beasts
  4 wolves (D:10)
  4 ogres
  A phantom (D:11)
  3 centaurs
  A big kobold (D:8)
  9 bullfrogs
  A gnoll sergeant (D:11)
  A water moccasin zombie (Ossuary)
  A wyvern skeleton (D:8)
  6 scorpions
  6 howler monkeys
  10 wights
  2 electric eels (D:9)
  4 centaur zombies (Ossuary)
  2 quasits
  2 bullfrog zombies (Ossuary)
  19 orc wizards
  2 jellies
  13 orc priests
  A gnoll shaman (D:10)
  6 hounds
  3 bullfrog skeletons
  16 mummies (Ossuary)
  A centaur skeleton (D:8)
  2 iguanas
  5 worker ants
  3 hound zombies (Ossuary)
  A hound skeleton (D:8)
  2 howler monkey zombies (Ossuary)
  Robin (D:3)
  19 gnolls
  17 adders
  6 white imps
  An ufetubus (D:8)
  An adder skeleton (D:4)
  An adder zombie (Ossuary)
  2 worms
  A dart slug (D:2)
  6 leopard geckos
  46 orcs
  7 ball pythons
  7 bats
  7 giant cockroaches
  15 goblins
  22 hobgoblins
  8 jackals
  19 kobolds
  4 quokkas
  4 frilled lizards
  A hobgoblin zombie (D:6)
  A leopard gecko zombie (Ossuary)
  A quokka zombie (D:9)
  5 rats
370 creatures vanquished.

Vanquished Creatures (others)
  2 orc wizards (D:8)
  16 fungi (D:8)
  43 plants
  8 withered plants (Ossuary)
69 creatures vanquished.

Grand Total: 439 creatures vanquished

Notes
Turn   | Place    | Note
-------+----------+-------------------------------------------
     0 | D:1      | MisterFreud the Troll Monk began the quest for the Orb.
     0 | D:1      | Reached XP level 1. HP: 22/22 MP: 0/0
   342 | D:1      | Reached XP level 2. HP: 29/29 MP: 1/1
   694 | D:2      | Reached skill level 4 in Unarmed Combat
   756 | D:2      | Reached XP level 3. HP: 31/36 MP: 2/2
   933 | D:3      | Reached skill level 5 in Unarmed Combat
   933 | D:3      | Reached XP level 4. HP: 43/44 MP: 3/3
  1114 | D:2      | Reached XP level 5. HP: 50/50 MP: 4/4
  1263 | D:2      | Reached skill level 6 in Unarmed Combat
  1351 | D:2      | Found a broken altar of Ashenzari.
  1845 | D:3      | You fall into a shaft and drop 3 floors!
  1845 | D:6      | Noticed an ogre
  1858 | D:6      | Killed an ogre
  1859 | D:6      | Reached XP level 6. HP: 59/59 MP: 5/5
  1965 | D:6      | Noticed an orc warrior
  1967 | D:6      | Found Uzuazxox's Distillery.
  1973 | D:6      | Found a sand-covered staircase.
  1978 | Ossuary  | Entered an ossuary
  1996 | Ossuary  | Reached skill level 7 in Unarmed Combat
  2073 | Ossuary  | Reached skill level 8 in Unarmed Combat
  2096 | Ossuary  | Reached XP level 7. HP: 37/66 MP: 6/6
  2429 | D:6      | Reached XP level 8. HP: 35/78 MP: 7/7
  2484 | D:5      | Entered Level 5 of the Dungeon
  2561 | D:5      | Reached skill level 9 in Unarmed Combat
  2688 | D:3      | Noticed Robin
  2722 | D:3      | Killed Robin
  2904 | D:3      | Noticed Sigmund
  2909 | D:3      | Killed Sigmund
  3151 | D:4      | Reached skill level 1 in Throwing
  3435 | D:4      | Reached skill level 10 in Unarmed Combat
  3929 | D:5      | Noticed Grinder
  3938 | D:5      | Killed Grinder
  3939 | D:5      | Reached skill level 1 in Armour
  3939 | D:5      | Reached XP level 9. HP: 52/84 MP: 8/8
  3970 | D:5      | Found a radiant altar of Vehumet.
  3988 | D:5      | Found a staircase to the Ecumenical Temple.
  4002 | Temple   | Entered the Ecumenical Temple
  4413 | D:6      | Found Timickaa's Armour Shop.
  4492 | D:6      | Bought 2 potions of heal wounds for 110 gold pieces
  4680 | D:6      | Found a runed translucent door.
  4684 | D:6      | Found a basalt altar of Yredelemnul.
  4741 | D:6      | Found a white marble altar of Elyvilon.
  4813 | D:6      | Found a basalt altar of Yredelemnul.
  4956 | D:7      | Noticed Maggie
  4965 | D:7      | Killed Maggie
  5329 | D:7      | Reached skill level 5 in Armour
  5637 | D:8      | Reached XP level 10. HP: 88/92 MP: 9/9
  5721 | D:8      | Reached skill level 11 in Unarmed Combat
  5828 | D:8      | Reached skill level 5 in Throwing
  6070 | D:8      | Found a staircase to the Lair.
  6139 | D:8      | Found a shimmering blue altar of Sif Muna.
  6360 | D:8      | Found a basalt altar of Yredelemnul.
  6395 | D:9      | Noticed Erica
  6402 | D:9      | Killed Erica
  6404 | D:9      | Noticed a two-headed ogre
  6409 | D:10     | Entered Level 10 of the Dungeon
  6426 | D:10     | Noticed Grum
  6449 | D:10     | Killed Grum
  6454 | D:10     | HP: 4/92 [wolf[Grum] (10)]
  6552 | D:9      | Killed a two-headed ogre
  6553 | D:9      | Reached skill level 12 in Unarmed Combat
  6622 | D:9      | Found a flagged portal.
  6658 | Bailey   | Entered a bailey
  6843 | Bailey   | Reached XP level 11. HP: 99/100 MP: 10/10
  7060 | D:9      | Found a staircase to the Orcish Mines.
  7271 | D:9      | Found Seubium's Assorted Antiques.
  7314 | D:9      | Bought a silvery potion for 19 gold pieces
  7314 | D:9      | Bought a scroll labelled RAM TONAOMUPRU for 22 gold pieces
  7800 | D:9      | Found a shimmering altar of Xom.
  7971 | D:10     | Noticed a two-headed ogre
  7978 | D:10     | Killed a two-headed ogre
  8069 | D:10     | Noticed a deep elf mage
  8084 | D:10     | Killed a deep elf mage
  8723 | D:11     | Noticed a red ugly thing
  8735 | D:11     | Killed a red ugly thing
  9018 | D:11     | Noticed a two-headed ogre
  9034 | D:11     | Killed a two-headed ogre
  9034 | D:11     | Noticed a cyan ugly thing
  9040 | D:11     | Killed a cyan ugly thing
  9122 | D:11     | Noticed a yaktaur captain
  9122 | D:11     | Noticed a deep troll earth mage
  9122 | D:11     | Noticed an ogre mage
  9138 | D:11     | Killed a deep troll earth mage
  9157 | D:11     | Killed a yaktaur captain
  9165 | D:11     | Slain by a vampire

Illustrated notes

Levels and vault maps discovered:
D:1:      dpeg_arrival_arbitrary_a, layout_loops_cross
D:2:      layout_basic, ashenzari_conservatory_becter, serial_glass,
          glass_columns_b, glass_columns_a, st_stairs_2, minmay_unequal
D:3:      layout_rooms, uniq_sigmund, uniq_robin
D:4:      layout_basic, minivault_4, grunt_ministairs_7, minmay_snake_closets
D:5:      layout_rooms, kennysheep_mini, temple_pool_b,
          chequers_serial_rivers_small_b, uniq_grinder
D:6:      layout_loops_ring, kennysheep_ying_yang, enter_ossuary_3,
          serial_shops, nicolae_shop_trees, shop, dk_yredelemnul_ordeal
D:7:      layout_loops_ring, uniq_maggie
D:8:      layout_rooms, led_sif_book, grunt_lair_entry_orc_guard_hut,
          lemuel_statue_altar
D:9:      layout_basic, kennysheep_mini_moat, serial_shops, shop,
          enter_bailey_2, uniq_erica
D:10:     layout_basic, uniq_grum
D:11:     nzn_winding_woodlands_large [nzn_winding_woodlands_5x5_cross,
          nzn_winding_woodlands_5x15_eye, nzn_winding_woodlands_5x5_open_star,
          nzn_winding_woodlands_center_garden,
          nzn_winding_woodlands_15x15_five_gardens,
          nzn_winding_woodlands_center_diamonds,
          nzn_winding_woodlands_5x5_checkerboard,
          nzn_winding_woodlands_5x15_parted, nzn_winding_woodlands_5x5_three],
          layout_basic
Temple:   eino_temple_rhombus

Skill      XL: |  1  2  3  4  5  6  7  8  9 10 11 |
---------------+----------------------------------+-----
Unarmed Combat | 4 5 6 8 10 12 | 12.0
Fighting       | 4 |  4.0
Dodging        | 4 |  4.0
Throwing       | 2 4 7 8 |  8.0
Armour         | 1 5 6 9 |  9.7
Stealth        | |  1.0

Action                   |  1- 3 |  4- 6 |  7- 9 | 10-12 || total
-------------------------+-------+-------+-------+-------++-------
Melee: Unarmed           |    94 |   132 |   345 |   435 ||  1006
       Punch             |       |     1 |    17 |    30 ||    48
Throw: Boomerang         |       |       |       |    17 ||    17
  Use: Scroll            |       |     8 |    11 |     4 ||    23
       Potion            |       |       |       |     3 ||     3
 Stab: Sleeping          |     4 |     2 |     4 |     1 ||    11
Armor: Robe              |    40 |    23 |    40 |       ||   103
       Acid dragon scale |       |       |    49 |       ||    49
       Swamp dragon scal |       |       |     8 |   169 ||   177
Dodge: Dodged            |    58 |    51 |   159 |   182 ||   450
Block: Other             |       |       |     8 |    97 ||   105
       Reflection        |       |       |     1 |     8 ||     9
